 Dungeon Crawl Stone Soup version 0.17-a0-18-gc25b939 (webtiles) character file.

44 Chiseanne the Skirmisher (level 3, -3/21 HPs)
             Began as a Vine Stalker Wanderer on Mar 10, 2015.
             Slain by Sigmund
             ... wielding a +0 scythe
              (5 damage)
             ... on level 2 of the Dungeon.
             The game lasted 00:03:47 (821 turns).

Chiseanne the Skirmisher (Vine Stalker Wanderer)     Turns: 821, Time: 00:03:47

Health: -3/21      AC:  6    Str: 16    XL:     3   Next: 60%
Magic:  0/5        EV:  9    Int: 10    God:
Gold:   55         SH:  0    Dex: 14    Spells: 0 memorised, 4 levels left

rFire  . . .     SeeInvis .     a - +2 dagger (drain)
rCold  . . .     Clarity  .     b - +0 scale mail
rNeg   . . .     SustAb   .     (no shield)
rPois  .         Gourm    .     (no helmet)
rElec  .         Spirit   +     (no cloak)
rCorr  .         Warding  .     (no gloves)
rMut   .         Stasis   .     (no boots)
MR     .....                    (no amulet)
Stlth  ..........               (no ring)
                                (no ring)

@: lethally poisoned (-3 -> -4), not resistant to hostile enchantments,
extremely unstealthy
A: fangs 2, regeneration 1, magic shield, antimagic bite, no device heal 3, rot
immunity
a: no special abilities


You were on level 2 of the Dungeon.
You were not hungry.

You visited 1 branch of the dungeon, and saw 2 of its levels.

You collected 55 gold pieces.

Inventory:

Hand weapons
 a - a +2 dagger of draining (weapon)
 w - a +2 blowgun
Missiles
 c - 3 curare-tipped needles
 e - 10 poisoned needles
 i - 35 bolts
 j - 35 sling bullets
 l - 11 arrows
 n - 13 javelins (quivered)
Armour
 b - a +0 scale mail (worn)
Potions
 d - a potion of curing
 m - a potion of haste
Comestibles
 f - 3 bread rations
 g - 2 meat rations


   Skills:
 * Level 4.3 Fighting
 * Level 0.1 Short Blades
 - Level 1.0 Throwing
 * Level 1.0 Armour
 * Level 1.2 Dodging
 - Level 1.2 Stealth
 - Level 1.1 Spellcasting
   Level 2.0 Hexes


You had 4 spell levels left.
You didn't know any spells.

Dungeon Overview and Level Annotations

Branches:
Dungeon (2/15)

Altars:
Okawaru

Annotations:
D:2 Sigmund


Innate Abilities, Weirdness & Mutations

You have extremely sharp teeth.
Your natural rate of healing is unusually fast.
When hurt, damage is shared between your health and your magic reserves.
Your bite disrupts and absorbs the magic of your enemies.
Potions and wands cannot restore your health.
You are immune to rotting.


Message History

As you read the scroll labeled CEAG XYQUT, it crumbles to dust.
You feel blessed for a moment.
It was a scroll of remove curse.
The adder bites you.
You are more poisoned.
The adder poisons you!
You hit the adder. You drain the adder! Your bite misses the adder.
The adder is heavily wounded.
You feel sick. The adder bites you but does no damage.
You hit the adder. Your bite misses the adder.
The adder is severely wounded.
You feel sick. The adder bites you but does no damage.
Sigmund hits you from afar with a scythe!
* * * LOW HITPOINT WARNING * * *
The adder misses you.
You closely miss the adder. Your bite misses the adder.
The adder is heavily wounded.
* * * LOW HITPOINT WARNING * * *
You feel sick. The adder barely misses you.
Sigmund hits you from afar with a scythe.
You die...

#.. #.. # ### ###..##
#.##.## ###.....#
....#
......@..#########.###
#...)...........#
#....§@§§..##.#.#
#.#####S##.##.#.######
... #@##.##........#
#.# #§##.####.####.#
#. #§##.# #...##.# #
#.##.# ###.##.# #....#
###.##†# ####.#
#......# #.# #.#.####
#.# #.#.# #.# ##.#.#


You could see Sigmund and an adder.

Vanquished Creatures
  Terence (D:2)
  2 giant geckos
  An ooze (D:1)
  3 bats
  5 giant cockroaches
  4 goblins (D:1)
  2 hobgoblins
  2 giant newts (D:1)
  2 kobolds (D:1)
  5 rats
27 creatures vanquished.

Notes
Turn   | Place    | Note
--------------------------------------------------------------
     0 | D:1      | Chiseanne, the Vine Stalker Wanderer, began the quest for the Orb.
     0 | D:1      | Chiseanne set off with: 3 curare-tipped needles, a +2 blowgun, a +0 spear, a +0 robe, a bread ration
     0 | D:1      | Reached XP level 1. HP: 12/12 MP: 2/2
    85 | D:1      | Reached XP level 2. HP: 14/17 MP: 4/4
   136 | D:1      | Reached skill level 4 in Fighting
   590 | D:1      | Reached XP level 3. HP: 21/21 MP: 5/5
   672 | D:2      | Found an iron altar of Okawaru.
   674 | D:2      | Noticed Terence
   678 | D:2      | Reached skill level 1 in Dodging
   691 | D:2      | Killed Terence
   809 | D:2      | Noticed Sigmund
   821 | D:2      | Slain by Sigmund

Action                   || total
-------------------------++-------
Melee: Spear             ||    38
       Dagger            ||    68
  Use: Scroll            ||     5
 Stab: Sleeping          ||     2
